 Dungeon Crawl Stone Soup version 0.29.1-12-g30fa7ad0bf (webtiles) character file.

Game seed: 18130843203640100679

5901 nachturnus the Carver (level 10, -1/68 (69) HPs)
             Began as a Grey Draconian Monk on Jan 1, 2023.
             Was a High Priest of Hepliaklqana.
             Slain by a wight
             ... wielding a +4 falchion of freezing
              (3 damage)
             ... on level 9 of the Dungeon.
             The game lasted 00:43:53 (9249 turns).

nachturnus the Carver (Grey Draconian Monk)         Turns: 9249, Time: 00:43:53

HP:   -1/68 (69)    AC: 18    Str: 14    XL:     10   Next: 53%
MP:   9/11          EV: 11    Int: 10    God:    Hepliaklqana [*****.]
Gold: 100           SH:  8    Dex: 18    Spells: 11/11 levels left

rFire   + . .      SeeInvis .   F - +0 short sword (speed)
rCold   . . .      Faith    .   n - +0 kite shield
rNeg    . . .      Spirit   .   (body armour unavailable)
rPois   .          Reflect  .   (helmet restricted)
rElec   .          Harm     .   (no cloak)
rCorr   .          Rampage  .   (no gloves)
Will    .....      Rage     3%  H - +1 pair of boots
Stlth   ++........              (no amulet)
HPRegen 0.21/turn               O - +4 ring of protection
MPRegen 0.12/turn               c - ring of protection from fire

@: on berserk cooldown, slowed, lightly drained, very slow
A: reduced essence, AC +12, amphibious, unfitting armour, cold-blooded, berserk
1
a: Renounce Religion, Recall Ancestor, Ancestor Identity, Transference, Idealise


You were on level 9 of the Dungeon.
You worshipped Hepliaklqana.
Hepliaklqana was extremely pleased with you.
You visited 1 branch of the dungeon, and saw 9 of its levels.
You also visited: Ossuary.

You collected 568 gold pieces.
You spent 468 gold pieces at shops.

Inventory:

Hand Weapons
 p - a +0 long sword
 F - a +0 short sword of speed (weapon)
 I - the +4 whip of Sanuph {spect, Will+ Int+4}
   (You took it off a kobold brigand on level 7 of the Dungeon)

   When its wielder attacks, the weapon's spirit leaps out and strikes again.
   The spirit shares a part of any damage it takes with its wielder.
   Int:       It affects your intelligence (+4).
   Will:      It increases your willpower.
Missiles
 J - a throwing net (quivered)
Armour
 n - a +0 kite shield (worn)
 H - a +1 pair of boots (worn)
Jewellery
 c - a ring of protection from fire (right hand)
 v - a ring of poison resistance
 A - a ring of ice
 C - a ring of fire
 D - a ring of protection from fire
 O - a +4 ring of protection (left hand)
Wands
 o - a wand of polymorph (6)
 E - a wand of roots (3)
Scrolls
 g - 2 scrolls of amnesia
 k - 4 scrolls of teleportation
 l - a scroll of fear
 m - 4 scrolls of butterflies
 r - 3 scrolls of enchant armour
 t - 2 scrolls of blinking
 u - 2 scrolls of silence
 x - a scroll of summoning
 y - 2 scrolls of poison
 z - a scroll of magic mapping
 G - 3 scrolls of identify
 M - 2 scrolls of immolation
Potions
 a - 4 potions of curing {unknown}
 b - 2 potions of ambrosia
 d - 3 potions of lignification {unknown}
 e - 2 potions of haste {unknown}
 f - a potion of cancellation {unknown}
 h - 4 potions of resistance {unknown}
 j - a potion of might {unknown}
 q - 3 potions of brilliance
 s - a potion of degeneration {unknown}
 w - 3 potions of invisibility {unknown}
 B - a potion of magic {unknown}
 L - a potion of flight {unknown}


   Skills:
 - Level 3.3 Fighting
 + Level 7.5(11.7) Short Blades
 - Level 14.0(14.7) Long Blades
 - Level 2.7 Dodging
 - Level 1.8 Stealth
 - Level 1.1 Spellcasting


You had 11 spell levels left.
You didn't know any spells.
Your spell library contained the following spells:

 Spells                   Type           Power      Damage    Failure   Level
 Foxfire                  Conj/Fire      0%         2x1d4     77%         1
 Conjure Flame            Conj/Fire      0%         6-21      98%         3
 Inner Flame              Hex/Fire       0%         N/A       98%         3
 Cause Fear               Hex            0%         N/A       100%        4
 Flame Wave               Conj/Fire      0%         2d4       100%        4
 Discord                  Hex            0%         N/A       100%        8


Dungeon Overview and Level Annotations

Branches:
Dungeon (9/15)             Temple (0/1) D:7         Ossuary (visited)
   Lair: D:8-11         Orc: D:9-12

Altars:
Hepliaklqana
Nemelex Xobeh
Xom

Shops:
D:3 *   D:7 (==(=   D:8 (


Innate Abilities, Weirdness & Mutations

Your life essence is reduced to manifest your ancestor. (-10% HP)
Your dull iron-grey scales are very hard. (AC +12)
You are amphibious.
You cannot fit into any form of body armour.
You are cold-blooded and may be slowed by cold attacks.
You sometimes lose your temper in combat.


Message History

The wight is almost destroyed.
You feel sick. You block the wight's attack.
A wight comes into view.
It is wielding a +4 falchion of freezing.
You hit the wight.
You destroy the wight!
You feel sick.
You swap places.
You feel a strong urge to attack something.
You feel sick.
You now have 100 gold pieces (gained 13).
You are no longer berserk.
You are exhausted.
You feel yourself slow down.
You feel sick.
A two-headed ogre comes into view.
It is wielding a +0 giant club and a +0 dire flail.
Kasparaxx blocks something's attack.
You feel sick.
Kasparaxx hits the wight with a +0 flail!
A wight comes into view.
It is wielding a +2 long sword of freezing.
Kasparaxx blocks the wight's attack.
Kasparaxx closely misses the wight.
You completely miss the wight.
You feel sick.
You are no longer poisoned.
The wight throws a stone.
The stone hits Kasparaxx but does no damage.
The wight hits you with a +4 falchion of freezing!
* * * LOW HITPOINT WARNING * * *
You feel drained.
* * * LOW HITPOINT WARNING * * *
The wight freezes you.
* * * LOW HITPOINT WARNING * * *
Kasparaxx hits the wight with a +0 flail!
The wight is destroyed!
The wight hits you with a +4 falchion of freezing.
* * * LOW HITPOINT WARNING * * *
You feel as though you will be slow longer.
The wight freezes you.
* * * LOW HITPOINT WARNING * * *
Kasparaxx hits the wight with a +0 flail!
The wight hits you with a +4 falchion of freezing.
You die...

#.......z
#.......
#......
#..... #....#
######)...##
........z.)#
#
#.†@#)####.#
##.zR.†....#
##..).).###
#......#
+..........
+.#.........
#.#####...)..
### ..>...
......


You could see the friendly Kasparaxx the knight and 2 wights.

Vanquished Creatures
  A hydra (D:8)
  A two-headed ogre (D:5)
  Pikel (D:3)
  Grinder (D:3)
  Grum (D:9)
  An ice beast (D:8)
  2 wolves
  4 centaurs
  A lemure (D:3)
  An elf zombie (Ossuary)
  A kobold brigand (D:7)
  3 necrophages
  2 bullfrogs (D:8)
  A wight (D:9)
  A jelly (D:6)
  Dowan (D:4)
  2 howler monkeys (D:7)
  2 centaur zombies (Ossuary)
  A human zombie (Ossuary)
  An orc priest (D:8)
  A hound (D:6)
  2 orc wizards
  3 iguanas
  A mummy (Ossuary)
  6 gnolls
  2 adders (D:2)
  A shadow imp (D:6)
  3 ufetubi
  A worm (D:2)
  2 dart slugs
  11 orcs
  4 endoplasms
  4 goblins
  9 hobgoblins
  2 jackals (D:2)
  5 kobolds
  5 quokkas
  A training dummy (D:4)
  2 ball pythons (D:1)
  6 bats
  7 frilled lizards
  6 rats
113 creatures vanquished.

Vanquished Creatures (collateral kills)
  A troll (D:8)
  The ghost of wormed the Destroyer, an amateur DECj (D:5)
  A steam dragon (D:8)
  Edmund (D:5)
  Duvessa (D:4)
  2 ogres (D:5)
  A wolf (D:9)
  3 elf zombies (Ossuary)
  A bullfrog (D:8)
  A necrophage (D:3)
  2 scorpions
  A wight (D:9)
  3 howler monkeys
  A hound (D:5)
  4 centaur zombies (Ossuary)
  2 gnoll boudas
  A human zombie (Ossuary)
  2 orc priests
  A jelly (D:7)
  2 iguanas
  2 orc wizards
  2 mummies (Ossuary)
  6 gnolls
  8 adders
  5 white imps
  An ufetubus (D:6)
  A dart slug (D:4)
  17 orcs
  A bat (D:3)
  An endoplasm (D:3)
  2 hobgoblins
  3 kobolds (D:7)
  3 quokkas
  A training dummy (D:4)
  A ball python (D:4)
86 creatures vanquished.

Vanquished Creatures (others)
  2 knights
  32 plants
34 creatures vanquished.

Grand Total: 233 creatures vanquished

Notes
Turn   | Place    | Note
-------+----------+-------------------------------------------
     0 | D:1      | nachturnus the Draconian Monk began the quest for the Orb.
     0 | D:1      | Reached XP level 1. HP: 19/19 MP: 1/1
   438 | D:1      | Reached XP level 2. HP: 26/26 MP: 3/3
   553 | D:1      | Reached skill level 1 in Spellcasting
  1103 | D:1      | Found a faded altar of an unknown god.
  1433 | D:2      | Reached XP level 3. HP: 21/31 MP: 4/4
  1787 | D:2      | Reached skill level 4 in Long Blades
  2211 | D:3      | Noticed a necrophage
  2306 | D:2      | Gained mutation: You are frail. (-10% HP) [potion of
                  | mutation]
  2306 | D:2      | Gained mutation: Your flesh is cold resistant. (rC+)
                  | [potion of mutation]
  2308 | D:2      | Lost mutation: Your flesh is cold resistant. (rC+) [potion
                  | of mutation]
  2308 | D:2      | Lost mutation: You are frail. (-10% HP) [potion of
                  | mutation]
  2308 | D:2      | Gained mutation: You have large cloven feet. [potion of
                  | mutation]
  2308 | D:2      | Gained mutation: You have hoof-like feet. [potion of
                  | mutation]
  2338 | D:3      | Reached XP level 4. HP: 37/38 MP: 5/5
  2372 | D:3      | Noticed Grinder
  2380 | D:3      | Paralysed by Grinder for 5 turns
  2440 | D:3      | Found a hazy altar of Hepliaklqana.
  2454 | D:3      | Became a worshipper of Hepliaklqana the Forgotten
  2454 | D:3      | Reached * piety under Hepliaklqana
  2454 | D:3      | Reached ** piety under Hepliaklqana
  2455 | D:3      | Remembered your ancestor Kasparaxx as a knight
  2530 | D:3      | Reached skill level 5 in Long Blades
  2585 | D:3      | Reached XP level 5. HP: 32/40 MP: 6/6
  2694 | D:3      | Found Utrahu's General Store.
  2957 | D:3      | Reached skill level 6 in Long Blades
  3097 | D:3      | Paralysed by Grinder for 2 turns
  3122 | D:3      | Killed Grinder
  3123 | D:3      | Reached skill level 7 in Long Blades
  3123 | D:3      | Reached XP level 6. HP: 38/45 MP: 7/7
  3640 | D:4      | Reached *** piety under Hepliaklqana
  3693 | D:4      | Your scales start taking on a dull iron-grey colour.
  3693 | D:4      | Reached XP level 7. HP: 49/51 MP: 8/8
  3737 | D:4      | Found a shimmering altar of Xom.
  3770 | D:4      | Noticed Duvessa
  3770 | D:4      | Noticed Dowan
  3779 | D:4      | Killed Duvessa
  3780 | D:4      | Reached skill level 8 in Long Blades
  3783 | D:4      | Killed Dowan
  3939 | D:4      | Noticed Pikel
  4008 | D:3      | Killed Pikel
  4009 | D:3      | Reached skill level 9 in Long Blades
  4009 | D:3      | Reached XP level 8. HP: 38/56 MP: 9/9
  4729 | D:5      | Entered Level 5 of the Dungeon
  4775 | D:5      | Noticed Edmund
  4793 | D:5      | Killed Edmund
  4794 | D:5      | Reached skill level 10 in Long Blades
  4892 | D:5      | Noticed a two-headed ogre
  4950 | D:5      | Killed a two-headed ogre
  4951 | D:5      | Reached skill level 11 in Long Blades
  5144 | D:5      | Found a runed translucent door.
  5145 | D:5      | Noticed wormed's ghost (amateur DECj)
  5158 | D:5      | Killed wormed's ghost
  5159 | D:5      | Reached skill level 12 in Long Blades
  5159 | D:5      | Reached XP level 9. HP: 42/63 MP: 10/10
  5375 | D:5      | Found a sparkling altar of Nemelex Xobeh.
  6271 | D:6      | Lost mutation: You have hoof-like feet. [potion of
                  | mutation]
  6271 | D:6      | Lost mutation: You have large cloven feet. [potion of
                  | mutation]
  6271 | D:6      | Gained mutation: You sometimes lose your temper in combat.
                  | [potion of mutation]
  6334 | D:6      | Reached **** piety under Hepliaklqana
  6402 | D:6      | Reached skill level 13 in Long Blades
  6853 | D:7      | Found Yguewed's Jewellery Boutique.
  6975 | D:7      | Found Boatrev's Weapon Boutique.
  7018 | D:7      | Found Jiekurill's Jewellery Shop.
  7049 | D:7      | Found Toxzojea's Weapon Emporium.
  7085 | D:7      | Found a staircase to the Ecumenical Temple.
  7141 | D:7      | Identified the +4 whip of Sanuph {spect, Will+ Int+4}
  7274 | D:7      | Found Maxzuss's Jewellery Shop.
  7533 | D:8      | Noticed a five-headed hydra
  7714 | D:8      | Found a sand-covered staircase.
  7725 | Ossuary  | Entered an ossuary
  7746 | Ossuary  | Reached skill level 14 in Long Blades
  7759 | Ossuary  | Reached skill level 1 in Short Blades
  7882 | Ossuary  | Reached XP level 10. HP: 58/69 MP: 11/11
  8101 | D:7      | Bought a +4 ring of protection for 468 gold pieces
  8391 | D:8      | Killed a five-headed hydra
  8392 | D:8      | Reached skill level 5 in Short Blades
  8792 | D:8      | Reached ***** piety under Hepliaklqana
  8844 | D:8      | Found the +1 robe of Vines {NoPotionHeal Regen++++}
  9137 | D:9      | Noticed Grum
  9233 | D:9      | Killed Grum
  9245 | D:9      | Noticed a two-headed ogre
  9248 | D:9      | HP: 3/67 [wight/+4 falchion of freezing (2)]
  9249 | D:9      | Slain by a wight

Illustrated notes

Levels and vault maps discovered:
D:1:      minmay_arrival_nine_rooms, layout_basic,
          ebering_ecumenical_altar_abandoned
D:2:      layout_loops_corners
D:3:      layout_loops_ring, nicolae_hepliaklqana_hazy_memory, serial_shops,
          shop, uniq_grinder
D:4:      dreamdust_elfheim, layout_cave_pools, lemuel_round_altar,
          grunt_ministairs_2, uniq_pikel
D:5:      layout_basic, marbit_many_paths, gammafunk_ghost_grave, uniq_edmund
D:6:      layout_gridville
D:7:      layout_rooms, temple_pool_b, serial_shops, shop,
          nicolae_shop_waterfront, shop, shop_coins, nicolae_shop_statue_plus,
          serial_bayou_ford_a, dreamdust_princess_corridor
D:8:      layout_loops_ring, enter_ossuary_1, hellmonk_guarded_unrand_vines
D:9:      layout_basic, gammafunk_ghost_arena, kennysheep_generic_room_3,
          uniq_grum

Skill      XL: |  1  2  3  4  5  6  7  8  9 10 |
---------------+-------------------------------+-----
Spellcasting   | 1 |  1.1
Long Blades    | 4 5 7 9 12 14 | 14.0
Short Blades   | 3 7 |  7.5
Fighting       | |  3.3
Dodging        | |  2.7
Stealth        | |  1.8

Action                   |  1- 3 |  4- 6 |  7- 9 | 10-12 || total
-------------------------+-------+-------+-------+-------++-------
Melee: Falchion          |   131 |    39 |       |       ||   170
       Tailslap          |    21 |     5 |    35 |    16 ||    77
       Kick              |     2 |    17 |    21 |       ||    40
       Punch             |     2 |       |       |       ||     2
       Unarmed           |       |     2 |       |       ||     2
       Long sword        |       |    18 |   195 |    15 ||   228
       Short sword       |       |       |       |    80 ||    80
       Whip              |       |       |       |     5 ||     5
Invok: Ancestor Life: Kn |       |     1 |       |       ||     1
       Ancestor Identity |       |     1 |       |       ||     1
       Recall Ancestor   |       |       |     2 |     1 ||     3
       Idealise          |       |       |       |     1 ||     1
  Use: Scroll            |     2 |     6 |     1 |     7 ||    16
       Potion            |     2 |       |     4 |     3 ||     9
 Stab: Sleeping          |     7 |     6 |     1 |       ||    14
       Distracted        |       |       |       |     1 ||     1
Armor: Skin              |    36 |    16 |    77 |    53 ||   182
Dodge: Dodged            |    93 |    24 |    93 |    53 ||   263
Block: Kite shield       |       |     4 |    79 |    66 ||   149
